 Dungeon Crawl Stone Soup version 0.31.0-32-g396128a36d (webtiles) character file.

Game seed: 13034657635834004666

70 Marvel the Poker (level 4, -2/34 HPs)
             Began as a Merfolk Gladiator on Mar 16, 2024.
             Was an Initiate of Cheibriados.
             Slain by a bombardier beetle (4 damage)
             ... on level 3 of the Dungeon.
             The game lasted 00:01:56 (1707 turns).

Marvel the Poker (Merfolk Gladiator)                Turns: 1707, Time: 00:01:56

Health: -2/34      AC:  4    Str: 17    XL:     4   Next: 21%
Magic:  4/4        EV: 13    Int:  8    God:    Cheibriados [......]
Gold:   156        SH:  0    Dex: 16    Spells: 3/3 levels left

rFire   . . .        a - +0 trident
rCold   . . .        (no shield)
rNeg    . . .        b - +0 leather armour
rPois   .            c - +0 helmet
rElec   .            (no cloak)
rCorr   .            (no gloves)
SInv    .            (no boots)
Will    .....        (no amulet)
Stlth   +            (no ring)
HPRegen 0.25/turn    (no ring)
MPRegen 0.09/turn

%: no passive effects
@: on fire, glowing, very slow
A: (nimble swimmer 2), mertail
a: Renounce Religion


You were on level 3 of the Dungeon.
You worshipped Cheibriados.
Cheibriados was noncommittal.
You visited 1 branch of the dungeon, and saw 3 of its levels.

You collected 156 gold pieces.

Inventory:

Hand Weapons
 a - a +0 trident (weapon)
Missiles
 d - 3 throwing nets (quivered)
 e - a javelin
 m - 5 poisoned darts
Armour
 b - a +0 leather armour (worn)
 c - a +0 helmet (worn)
 k - a +0 buckler
Wands
 t - a wand of iceblast (14)
Scrolls
 f - 3 scrolls of identify {unknown}
 h - 5 scrolls of poison {unknown}
 i - a scroll of fog {unknown}
 j - a scroll of enchant armour {unknown}
 l - a scroll of immolation {unknown}
 n - a scroll of blinking {unknown}
 p - 2 scrolls of acquirement {unknown}
 q - a scroll of fear {unknown}
 r - a scroll of vulnerability {unknown}
 s - a scroll of teleportation {unknown}
Potions
 g - 2 potions of might {unknown}
 o - a potion of curing {unknown}
 u - a potion of resistance {unknown}
 v - a potion of heal wounds {unknown}
 w - a potion of degeneration {unknown}


   Skills:
 + Level 2.6 Fighting
 + Level 5.4 Polearms
 + Level 2.1 Throwing
 + Level 0.3 Armour
 + Level 4.7 Dodging
 + Level 0.5 Stealth


You had 3 spell levels left.
You didn't know any spells.
Your spell library contained the following spells:

 Spells                   Type           Power      Damage    Failure   Level
 Necrotise                Necr           0%         1d4       45%         1
 Vampiric Draining        Necr           0%         2d6       83%         3
 Martyr's Knell           Necr/Summ      0%         N/A       99%         4
 Curse of Agony           Necr           0%         N/A       100%        5


Dungeon Overview and Level Annotations

Branches:
Dungeon (3/15)

Altars:
Cheibriados


Innate Abilities, Weirdness & Mutations

((You are very nimble when in or above water. (Stealth+, EV+, Speed+++)))
Your lower body shifts to a powerful aquatic tail in water.


Message History

You hit the bombardier beetle but do no damage.
The bombardier beetle is moderately wounded.
The bombardier beetle sprays incendiary fluid at you.
The burning spray hits you.
You are covered in liquid fire!
You barely miss the bombardier beetle.
The bombardier beetle is moderately wounded.
The liquid fire burns you!
The bombardier beetle closely misses you.
You hit the bombardier beetle.
The bombardier beetle is heavily wounded.
The liquid fire burns you!
You barely miss the bombardier beetle.
The bombardier beetle is heavily wounded.
The liquid fire burns you! The bombardier beetle misses you.
You are too injured to fight recklessly!
You are too injured to fight recklessly!
You are too injured to fight recklessly!
You barely miss the bombardier beetle.
The bombardier beetle is heavily wounded.
The liquid fire burns you!
You hit the bombardier beetle but do no damage.
The bombardier beetle is heavily wounded.
The liquid fire burns you!
* * * LOW HITPOINT WARNING * * *
The bombardier beetle sprays incendiary fluid at you.
The burning spray hits you.
You are even more covered in liquid fire!
You shake off some of the fire as you move.
The liquid fire burns you!
* * * LOW HITPOINT WARNING * * *
The bombardier beetle barely misses you.
A rat comes into view.
You shake off some of the fire as you move.
The liquid fire burns you!
* * * LOW HITPOINT WARNING * * *
The rat squeaks loudly.
The bombardier beetle bites you.
You die...

#.# #..#
###. #.#####
####..# #...
#.....#
#.....# #...
#####.#
#.###.# #...
#.########.#
##..
#.....†....#
#..
#########..#
#.. #B.# #..
#@.# #.#
#..r...# #..
#..##### ###
#... # #...#
#...# #
#...# #
#...# ####
#...


You could see a bombardier beetle and a rat.

Vanquished Creatures
  2 adders
  2 dart slugs (D:2)
  2 ball pythons (D:2)
  3 bats
  5 endoplasms
  8 giant cockroaches (D:2)
  3 goblins
  3 hobgoblins
  4 quokkas
  2 frilled lizards (D:1)
  3 kobolds
  4 rats
41 creatures vanquished.

Notes
Turn   | Place    | Note
-------+----------+-------------------------------------------
     0 | D:1      | Marvel the Merfolk Gladiator began the quest for the Orb.
     0 | D:1      | Reached XP level 1. HP: 16/16 MP: 1/1
   375 | D:1      | Reached XP level 2. HP: 21/22 MP: 2/2
   870 | D:2      | Reached XP level 3. HP: 27/27 MP: 3/3
   890 | D:2      | Reached skill level 5 in Polearms
   943 | D:2      | Found a snail-covered altar of Cheibriados.
  1050 | D:2      | Became a worshipper of Cheibriados the Contemplative
  1204 | D:2      | Found a faded altar of an unknown god.
  1563 | D:3      | Reached XP level 4. HP: 34/34 MP: 4/4
  1707 | D:3      | Slain by a bombardier beetle

Illustrated notes

Levels and vault maps discovered:
D:1:      eino_arrival_cavern_b, layout_basic
D:2:      layout_basic, nicolae_ecumenical_lake_church, basic_altar,
          minmay_worlds_worst_comb
D:3:      layout_loops_ring, uniq_crazy_yiuf_cottage

Skill      XL: |  1  2  3 |
---------------+----------+-----
Polearms       | 5 |  5.4
Fighting       | |  2.6
Throwing       | |  2.1
Armour         | |  0.3
Dodging        | |  4.7
Stealth        | |  0.5

Action                     |  1- 3 |  4- 6 || total
---------------------------+-------+-------++-------
  Melee: Trident           |   103 |    23 ||   126
         Punch             |     2 |     1 ||     3
   Stab: Sleeping          |     4 |       ||     4
         Distracted        |     1 |       ||     1
 Armour: Leather armour    |    47 |     1 ||    48
  Dodge: Dodged            |    46 |    13 ||    59
